 Dungeon Crawl Stone Soup version 0.18.1-50-g88ac8fd (webtiles) character file.

35 Chiseanne the Magician (level 3, -3/26 HPs)
             Began as a Demonspawn Wanderer on May 3, 2017.
             Slain by Ijyb
             ... wielding a +6 club
              (6 damage)
             ... on level 2 of the Dungeon.
             The game lasted 00:05:04 (1867 turns).

Chiseanne the Magician (Demonspawn Wanderer)        Turns: 1867, Time: 00:05:05

Health: -3/26      AC:  6    Str: 10    XL:     3   Next: 17%
Magic:  0/8        EV: 11    Int: 15    God:
Gold:   79         SH:  0    Dex: 13    Spells: 4 memorised, 1 level left

rFire  . . .     SeeInvis .     a - +1 whip (elec)
rCold  . . .     Gourm    .     d - +0 robe
rNeg   . . .     Faith    .     (no shield)
rPois  .         Spirit   +     (no helmet)
rElec  .         Dismiss  .     (no cloak)
rCorr  .         Reflect  .     (no gloves)
SustAt .         Harm     .     (no boots)
MR     .....                    (no amulet)
Stlth  ++........               (no ring)
                                g - +4 ring of protection

@: very slightly contaminated, not resistant to hostile enchantments, unstealthy
A: magic shield
a: no special abilities


You were on level 2 of the Dungeon.
You were hungry.

You visited 1 branch of the dungeon, and saw 2 of its levels.

You collected 79 gold pieces.

Inventory:

Hand Weapons
 a - a +1 whip of electrocution (weapon)
Missiles
 h - 16 bolts
 j - 41 stones (quivered)
 k - 12 arrows
 n - 4 tomahawks of returning
 o - 35 poisoned needles
 r - 3 needles of confusion
Armour
 d - a +0 robe (worn)
Jewellery
 g - a +4 ring of protection (left hand)
Potions
 b - a potion of might {unknown}
Books
 q - a book of Minor Magic

   Spells                             Type                      Level
   a - Magic Dart                     Conjuration                  1
   b - Blink                          Translocation                2
   c - Call Imp                       Summoning                    2
   d - Repel Missiles                 Charms/Air                   2
   e - Slow                           Hexes                        2
   f - Conjure Flame                  Conjuration/Fire             3
   g - Mephitic Cloud                 Conjuration/Poison/Air       3
Comestibles
 f - 3 bread rations
 i - a meat ration
 m - 4 fruits
 s - a chunk of flesh


   Skills:
 - Level 1.1 Fighting
 - Level 1.0 Throwing
 - Level 1.0 Dodging
 - Level 1.0 Stealth
 * Level 4.2 Spellcasting
 * Level 1.2 Conjurations
   Level 2.0 Hexes
   Level 1.0 Transmutations
 * Level 0.1 Fire Magic
 * Level 1.0 Air Magic


You had one spell level left.
You knew the following spells:

 Your Spells              Type           Power        Failure   Level  Hunger
a - Magic Dart            Conj           #...         12%         1    None
b - Mephitic Cloud        Conj/Pois/Air  #.......     43%         3    ###....
c - Conjure Flame         Conj/Fire      #.......     43%         3    ###....
d - Blink                 Tloc           N/A          28%         2    ##.....


Dungeon Overview and Level Annotations

Branches:
Dungeon (2/15)

Altars:
Ashenzari

Annotations:
D:2 Ijyb, Robin


Innate Abilities, Weirdness & Mutations

When hurt, damage is shared between your health and your magic reserves.


Message History

* * * LOW HITPOINT WARNING * * *
You barely miss Ijyb.
Ijyb is lightly wounded.
Ijyb hits you but does no damage.
You closely miss Ijyb.
Ijyb is lightly wounded.
Ijyb hits you but does no damage.
You hit Ijyb.
Ijyb is lightly wounded.
Ijyb closely misses you.
You closely miss Ijyb.
Ijyb is lightly wounded.
Ijyb barely misses you.
You whack Ijyb!
Ijyb is heavily wounded.
Ijyb hits you but does no damage.
You barely miss Ijyb.
Ijyb is heavily wounded.
Ijyb hits you with an enchanted club!
You die...

#### ...########## ###
............#######...K
%..#######..........##.
...............!.......
...##................#.
...##.....)...######.#
g..##..........g@..#
...##..........###.#
#####..........# #
#####....).....#
..g............#
######...?......
##########% .


You could see Ijyb.

Vanquished Creatures
  2 dart slugs (D:1)
  A giant gecko (D:1)
  4 bats (D:1)
  A giant cockroach (D:1)
  4 goblins
  3 hobgoblins (D:1)
  A jackal (D:2)
  6 kobolds
  A quokka (D:1)
  2 giant newts
  A rat (D:1)
26 creatures vanquished.

Notes
Turn   | Place    | Note
--------------------------------------------------------------
     0 | D:1      | Chiseanne the Demonspawn Wanderer began the quest for the Orb.
     0 | D:1      | Chiseanne set off with: a book of Minor Magic, a scroll of teleportation, a potion of curing, a +0 robe, a +0 dagger, a bread ration
     0 | D:1      | Reached XP level 1. HP: 13/13 MP: 5/5
     3 | D:1      | Learned a level 1 spell: Magic Dart
   572 | D:1      | Reached skill level 1 in Conjurations
   572 | D:1      | Gained mutation: When hurt, damage is shared between your health and your magic reserves. [demonic ancestry]
   572 | D:1      | Reached XP level 2. HP: 20/20 MP: 1/7
   826 | D:1      | Reached skill level 1 in Fighting
  1282 | D:1      | Reached skill level 1 in Dodging
  1562 | D:1      | Reached XP level 3. HP: 26/26 MP: 1/8
  1625 | D:1      | Learned a level 3 spell: Mephitic Cloud
  1629 | D:1      | Learned a level 3 spell: Conjure Flame
  1632 | D:1      | Learned a level 2 spell: Blink
  1640 | D:2      | Found a shattered altar of Ashenzari.
  1783 | D:2      | Noticed Robin
  1806 | D:2      | Noticed Ijyb
  1867 | D:2      | Slain by Ijyb

Skill      XL: |  1  2 |
---------------+-------+-----
Conjurations   | 1 |  1.2
Fighting       | 1 |  1.1
Dodging        | 1 |  1.0
Throwing       | |  1.0
Stealth        | |  1.0
Spellcasting   | |  4.2
Hexes          | |  2.0
Transmutations | |  1.0
Fire Magic     | |  0.1
Air Magic      | |  1.0

Action                   || total
-------------------------++-------
Melee: Dagger            ||     6
       Whip              ||    29
 Cast: Magic Dart        ||    69
  Use: Scroll            ||     4
       Potion            ||     1
  Eat: Chunk             ||     2
Armor: Robe              ||    23
Dodge: Dodged            ||    26
